AoeStats
← tomasekh007

Arabia

509712914Analyzed
1v1 RM · 4d ago on Sep 27, 2026· 19m 49s· 2 players
Game mode
Random Map
Map size
Tiny (2 player)
Population
200
Speed
Normal
Resources
Standard
Victory
Conquest
Starting age
Dark Age
Ending age
Imperial Age
RankedLock teamsTeams togetherTeam positionsShared explorationLock speedFull tech treeHidden civsTurbo modeCheats
Victory
Defeat
🇨🇿 Koreans · Czechia
624
+16
🇮🇳 Magyars · India
623
-34
uk05120512
1:34 Loom
11:25 Feudal Age
12:20 Double-Bit Axe
16:07 Man-at-Arms
tomasekh007
4:14 Loom
10:47 Feudal Age
13:53 Man-at-Arms
19:22 Wheelbarrow
Connection lost

Rejoining the realm…

Still unreachable

The connection could not be restored.

Session expired

The server has moved on; the page needs a fresh start.